 Dungeon Crawl Stone Soup version 0.25-a0-528-g6b7c99946c (webtiles) character file.

Game seed: 11045402983393562847, levelgen mode: deterministic

16569 Esekla the Thaumaturge (level 12, -4/53 HPs)
             Began as a Deep Elf Wizard on Feb 19, 2020.
             Was a Believer of Ashenzari.
             Killed by divine providence
             ... invoked by an orc priest
              (13 damage)
             ... on level 1 of the Orcish Mines.
             The game lasted 02:22:35 (13109 turns).

Esekla the Thaumaturge (Deep Elf Wizard)           Turns: 13109, Time: 02:22:36

Health: -4/53      AC: 12    Str:  7    XL:     12   Next: 11%
Magic:  21/31      EV: 15    Int: 26    God:    Ashenzari [**....]
Gold:   693        SH:  0    Dex: 13    Spells: 3/37 levels left

rFire    . . .     SeeInvis +   v - +2 dagger (venom)
rCold    . . .     Gourm    .   (no shield)
rNeg     . . .     Faith    +   N - +0 troll leather armour
rPois    .         Spirit   .   w - +2 helmet
rElec    +         Reflect  .   x - +0 cloak
rCorr    .         Harm     .   q - +0 pair of gloves (curse)
MR       +....                  j - +0 pair of boots of Complete Protection {rElec}
Stlth    ++++......             y - amulet of faith
HPRegen  0.57/turn              r - ring of see invisible
MPRegen  0.22/turn              (no ring)

@: no status effects
A: icy blue scales 1, camouflage 1, frail 1
a: Curse Item, Scrying, Renounce Religion


You were on level 1 of the Orcish Mines.
You worshipped Ashenzari.
Ashenzari was pleased with you.
You were hungry.

You visited 4 branches of the dungeon, and saw 14 of its levels.

You collected 693 gold pieces.

Inventory:

Hand Weapons
 e - a +1 dagger of electrocution
 p - a +2 long sword of holy wrath
 s - the +4 spear of Kozukk {freeze, Int+3 Stlth+}
   (You found it on level 6 of the Dungeon)

   It has been specially enchanted to freeze those struck by it, causing extra
   injury to most foes and up to half again as much damage against particularly
   susceptible opponents.
   It can also slow down cold-blooded creatures.
   It affects your intelligence (+3).
   It makes you more stealthy.
 t - the +8 trident of the Octopus King {venom, rElec rPois MR+}
   (You found it on level 6 of the Dungeon)

   It poisons the flesh of those it strikes.
   It insulates you from electricity.
   It protects you from poison.
   It affects your resistance to hostile enchantments.
 v - a +2 dagger of venom (weapon)
 L - a +0 long sword
Missiles
 b - 10 javelins
 z - 6 boomerangs
 E - 21 poisoned darts (quivered)
Armour
 j - the +0 pair of boots of Complete Protection (worn) {rElec}
   (You found it on level 11 of the Dungeon)

   It insulates you from electricity.
   If you remove this armour, your AC will decrease by 1 (12 -> 11).
 q - a cursed +0 pair of gloves (worn)
 w - a +2 helmet (worn)
 x - a +0 cloak (worn)
 D - a +2 robe of magic resistance
 N - a +0 troll leather armour (worn)
Magical Staves
 R - a cursed staff of wizardry
Jewellery
 r - a ring of see invisible (left hand)
 y - an amulet of faith (around neck)
 A - an uncursed amulet of the gourmand
Wands
 h - a wand of iceblast (7)
 B - a wand of paralysis (27)
 F - a wand of polymorph (2)
 G - a wand of flame (6)
 K - a wand of digging (13)
Scrolls
 c - a scroll of fear
 g - 2 scrolls of fog
 i - 2 scrolls of amnesia
 m - a scroll of enchant weapon
 n - 6 scrolls of teleportation
 H - 3 scrolls of magic mapping
 J - 2 scrolls of identify
 O - a scroll of silence {unknown}
 Q - a scroll of torment {unknown}
Potions
 a - a potion of ambrosia {unknown}
 f - 4 potions of lignification
 k - 4 potions of flight
 l - 6 potions of curing
 o - 2 potions of haste
 u - a potion of might
 C - 2 potions of resistance
 I - 4 potions of heal wounds
Miscellaneous
 M - a lamp of fire
Comestibles
 d - 15 rations


   Skills:
 + Level 3.6(3.7) Short Blades
 + Level 0.2(2.0) Long Blades
 * Level 1.9 Armour
 * Level 8.0 Dodging
 + Level 6.8 Stealth
 * Level 13.2 Spellcasting
 * Level 8.3 Conjurations
 * Level 6.6 Summonings
 + Level 3.8 Translocations
 * Level 0.6 Transmutations
 * Level 6.3 Fire Magic
 * Level 6.1 Air Magic
 * Level 6.2 Poison Magic


You had 3 spell levels left.
You knew the following spells:

 Your Spells              Type           Power        Failure   Level  Hunger
a - Apportation           Tloc           #####.       1%          1    None
b - Blink                 Tloc           N/A          1%          2    None
c - Mephitic Cloud        Conj/Pois/Air  ######..     1%          3    None
d - Magic Dart            Conj           ####         1%          1    None
e - Static Discharge      Conj/Air       ######..     1%          3    None
f - Conjure Flame         Conj/Fire      ######..     1%          3    None
g - Eringya's Noxious Bo  Tmut/Pois      #####.....   87%         6    #####..
l - Lightning Bolt        Conj/Air       ######....   7%          5    ##.....
r - Airstrike             Air            #####.....   3%          4    None
s - Summon Lightning Spi  Summ/Air       ######..     3%          4    None
w - Swiftness             Chrm/Air       ####....     1%          2    None

Your spell library contained the following spells:

 Spells                   Type           Power        Failure   Level  Hunger
 Shock                    Conj/Air       ####         1%          1    None
 Summon Small Mammal      Summ           ####         1%          1    None
 Call Imp                 Summ           ######..     1%          2    None
 Corpse Rot               Necr/Air       N/A          1%          2    None
 Call Canine Familiar     Summ           ######..     1%          3    None
 Stone Arrow              Conj/Erth      #####.       2%          3    None
 Summon Guardian Golem    Hex/Summ       ####....     3%          3    None
 Animate Skeleton         Necr           N/A          4%          1    None
 Corona                   Hex            ###....      4%          1    None
 Slow                     Hex            ###.....     8%          2    None
 Summon Ice Beast         Ice/Summ       ####....     12%         4    None
 Summon Forest            Summ/Tloc      #####.....   16%         5    ##.....
 Summon Hydra             Summ           ######....   95%         7    ######.
 Hydra Form               Tmut           ###.......   99%         6    #####..


Dungeon Overview and Level Annotations

Branches:
Dungeon (11/15)            Temple (1/1) D:6            Lair (1/6) D:9
    Orc (1/2) D:11

Altars:
Ashenzari
Cheibriados
Dithmenos
Elyvilon
Fedhas
Gozag
Hepliaklqana
Kikubaaqudgha
Makhleb
Nemelex Xobeh
Okawaru
Qazlal
Ru
Sif Muna
Trog
Uskayaw
Vehumet
Wu Jian
Xom
Yredelemnul
Zin
The Shining One

Shops:
D:8 [

Portals:
Trove: D:10 (show abyssal rune of Zot)

Annotations:
D:11 2 transporters


Innate Abilities, Weirdness & Mutations

You are partially covered in icy blue scales. (AC +2)
Your skin changes colour to match your surroundings (Stealth+).
You are frail. (-10% HP)


Message History

The orc knight is engulfed in noxious fumes.
The orc warrior is engulfed in noxious fumes.
The orc warrior appears confused.
The orc priest calls down the wrath of Beogh upon you.
Beogh smites you!
The orc wizard is engulfed in noxious fumes.
The orc wizard appears confused.
The orc wizard gestures at you while chanting.
The magic dart hits your lightning spire!
The orc priest mumbles some strange prayers to Beogh against you.
Beogh smites you!
* * * LOW HITPOINT WARNING * * *
The orc is engulfed in noxious fumes.
The orc appears confused.
You kill the orc!
The orc is engulfed in noxious fumes.
The orc appears confused.
The orc priest is engulfed in noxious fumes.
The orc priest appears confused.
The orc priest mumbles some strange prayers to Beogh against you.
Beogh smites you!
You die...

, *, ##. * ## , .
, #.$. #.## , ,
o#.##...#*...##*
*
...#.#...#....#.
.....o#.#.......
, *
.....○o.o.......,
* ,
..$..☼○o........
.....o○☼@>......
* ,
..o..o○o........
** , ,
..$...°☼8.......
,
.....○☼○o.......
........o.......
,
##.#..##...###.#
#*### ##### *#


You could see an orc knight (confused), 2 orc warriors, 3 orc priests, 3 orc
wizards, an orc (confused) and a friendly lightning spire.

Vanquished Creatures
  Harold (D:8)
  A hydra (D:11)
  2 death yaks (D:9)
  3 two-headed ogres
  A cyclops (D:11)
  2 ugly things (D:11)
  A gargoyle (D:10)
  Psyche (D:10)
  A queen bee (D:8)
  2 trolls
  A hippogriff (D:9)
  Grinder (D:6)
  11 yaks (D:11)
  Sigmund (D:3)
  Grum (D:8)
  6 hungry ghosts
  A two-headed ogre zombie (D:11)
  Duvessa (D:5)
  3 sky beasts
  2 black bears (D:8)
  6 orc warriors
  3 phantoms
  4 ogres
  A necrophage (D:8)
  2 wolves (D:8)
  3 centaurs
  A crocodile (D:11)
  2 big kobolds
  4 bullfrogs
  A wyvern zombie (D:10)
  A wyvern skeleton (D:11)
  Dowan (D:5)
  27 killer bees
  2 scorpions (D:9)
  2 troll zombies (D:11)
  2 centaur zombies
  2 bullfrog zombies
  3 crimson imps
  3 jellies
  3 bullfrog skeletons
  8 orc priests
  7 hounds
  2 centaur skeletons
  3 iguanas
  9 orc wizards
  A hell rat (D:9)
  21 worker ants
  5 ogre zombies (D:11)
  2 hound zombies
  A hound skeleton (D:10)
  2 worker ant zombies (D:11)
  3 gnolls (D:6)
  A howler monkey skeleton (D:5)
  10 adders
  A river rat (D:9)
  4 shadow imps
  4 adder skeletons
  An adder zombie (D:6)
  A worm (D:2)
  A dart slug (D:4)
  2 leopard geckos
  35 orcs
  3 ball pythons
  4 giant cockroaches
  7 goblins
  6 hobgoblins
  10 jackals
  6 quokkas
  9 bats
  5 frilled lizards
  A goblin skeleton (D:11)
  A goblin zombie (D:11)
  2 hobgoblin zombies (D:11)
  A jackal skeleton (D:9)
  14 kobolds
  A leopard gecko skeleton (D:4)
  5 orc skeletons (D:11)
  16 orc zombies (D:11)
  A quokka skeleton (D:4)
  27 rats
  A spectral orc (D:8)
360 creatures vanquished.

Vanquished Creatures (collateral kills)
  A death yak (D:8)
  A troll (D:11)
  A hippogriff (D:10)
  A shadow (D:11)
  A yak (D:11)
  A hungry ghost (D:9)
  A warg (D:11)
  An acid dragon (D:11)
  2 ice beasts
  2 orc warriors
  An ogre (D:10)
  A centaur (D:10)
  A big kobold (D:10)
  A killer bee (D:8)
  An orc wizard (D:11)
  A centaur skeleton (D:10)
  A hound zombie (D:11)
  2 adders (D:11)
  17 orcs
  6 kobolds (D:10)
  A fungus (D:10)
45 creatures vanquished.

Vanquished Creatures (others)
  A killer bee (D:8)
1 creature vanquished.

Grand Total: 406 creatures vanquished

Notes
Turn   | Place    | Note
-------+----------+-------------------------------------------
     0 | D:1      | Esekla the Deep Elf Wizard began the quest for the Orb.
     0 | D:1      | Reached XP level 1. HP: 10/10 MP: 7/7
   386 | D:1      | Reached skill level 5 in Spellcasting
   460 | D:2      | Reached XP level 2. HP: 14/15 MP: 2/10
   666 | D:2      | Reached XP level 3. HP: 19/19 MP: 7/12
   714 | D:2      | Learned a level 2 spell: Blink
   718 | D:2      | Learned a level 3 spell: Mephitic Cloud
   722 | D:2      | Learned a level 3 spell: Conjure Flame
   766 | D:3      | Gained mutation: You are partially covered in icy blue
                  | scales. (AC +2) [potion of mutation]
   766 | D:3      | Gained mutation: You are frail. (-10% HP) [potion of
                  | mutation]
   766 | D:3      | Gained mutation: Your skin changes colour to match your
                  | surroundings (Stealth+). [potion of mutation]
   853 | D:3      | Reached skill level 6 in Spellcasting
   853 | D:3      | Reached XP level 4. HP: 15/21 MP: 8/14
  1323 | D:2      | Found a shadowy altar of Dithmenos.
  1342 | D:2      | Found a snail-covered altar of Cheibriados.
  1343 | D:2      | Found a glowing silver altar of Zin.
  1343 | D:2      | Found an iron altar of Okawaru.
  1343 | D:2      | Found a shattered altar of Ashenzari.
  1352 | D:2      | Became a worshipper of Ashenzari the Shackled
  1784 | D:3      | Noticed Sigmund
  1814 | D:3      | Killed Sigmund
  1814 | D:3      | Reached skill level 1 in Fire Magic
  1814 | D:3      | Reached skill level 1 in Air Magic
  1814 | D:3      | Reached skill level 1 in Poison Magic
  1814 | D:3      | Reached XP level 5. HP: 20/25 MP: 4/16
  2006 | D:4      | Noticed an ogre
  2014 | D:4      | Reached XP level 6. HP: 28/28 MP: 9/17
  2029 | D:4      | Reached skill level 1 in Short Blades
  2382 | D:5      | Entered Level 5 of the Dungeon
  2427 | D:5      | Reached skill level 7 in Spellcasting
  2444 | D:5      | Reached XP level 7. HP: 32/32 MP: 7/19
  2447 | D:5      | Noticed Duvessa
  2453 | D:5      | Noticed Dowan
  2595 | D:4      | Learned a level 4 spell: Summon Lightning Spire
  2666 | D:4      | Reached * piety under Ashenzari
  4240 | D:2      | Found a faded altar of an unknown god.
  4500 | D:1      | You fall into a shaft and drop 1 floor!
  5064 | D:5      | Killed Dowan
  5069 | D:5      | Killed Duvessa
  5069 | D:5      | Reached skill level 8 in Spellcasting
  5291 | D:5      | Reached XP level 8. HP: 25/36 MP: 14/22
  5522 | D:6      | Found a staircase to the Ecumenical Temple.
  5522 | D:6      | Noticed Grinder
  5529 | D:6      | Killed Grinder
  5550 | D:6      | Found a sparkling altar of Nemelex Xobeh.
  5577 | Temple   | Entered the Ecumenical Temple
  5790 | D:6      | Found the +8 trident of the Octopus King {venom, rElec
                  | rPois MR+}
  5863 | D:6      | Got the spear of Kozukk {freeze, Int+3 Stlth+}
  5906 | D:6      | Learned a level 1 spell: Apportation
  5958 | D:6      | Reached skill level 9 in Spellcasting
  6237 | D:6      | Found a shimmering altar of Xom.
  6306 | D:6      | Identified the +4 spear of Kozukk {freeze, Int+3 Stlth+}
                  | (You found it on level 6 of the Dungeon)
  6557 | D:7      | Reached XP level 9. HP: 40/40 MP: 19/24
  6601 | D:7      | Found an ancient bone altar of Kikubaaqudgha.
  6616 | D:7      | Reached skill level 5 in Conjurations
  6766 | D:7      | Reached skill level 5 in Stealth
  6877 | D:7      | Reached ** piety under Ashenzari
  7042 | D:7      | Reached skill level 5 in Dodging
  7108 | D:8      | Noticed a two-headed ogre
  7771 | D:8      | Noticed a queen bee
  7785 | D:8      | Killed a queen bee
  7785 | D:8      | Reached skill level 10 in Spellcasting
  7824 | D:8      | Killed a two-headed ogre
  7891 | D:8      | Reached XP level 10. HP: 41/45 MP: 26/26
  7917 | D:8      | Noticed Grum
  7940 | D:8      | Killed Grum
  8022 | D:8      | Noticed Harold
  8128 | D:8      | Killed Harold
  8128 | D:8      | Reached skill level 11 in Spellcasting
  8191 | D:8      | Found a basalt altar of Yredelemnul.
  8688 | D:8      | Reached skill level 5 in Summonings
  8725 | D:8      | Found Dedat's Antique Armour Shop.
  8743 | D:8      | Learned a level 2 spell: Swiftness
  8749 | D:8      | Learned a level 5 spell: Lightning Bolt
  8754 | D:8      | Learned a level 4 spell: Airstrike
  8758 | D:8      | Learned a level 3 spell: Static Discharge
  8869 | D:9      | Noticed a two-headed ogre
  8879 | D:9      | Killed a two-headed ogre
  8879 | D:9      | Reached skill level 5 in Fire Magic
  9026 | D:9      | Reached skill level 5 in Poison Magic
  9061 | D:9      | Noticed a death yak
  9067 | D:9      | Found a staircase to the Lair.
  9067 | D:9      | Noticed a death yak
  9068 | D:9      | Noticed a death yak
  9114 | D:8      | Killed a death yak
  9114 | D:8      | Reached skill level 5 in Air Magic
  9740 | D:9      | Reached XP level 11. HP: 32/48 MP: 7/28
 10168 | Lair:1   | Entered Level 1 of the Lair of Beasts
 10168 | Lair:1   | Noticed a seven-headed hydra
 10239 | D:9      | Killed a death yak
 10252 | D:9      | Killed a death yak
 10252 | D:9      | Reached skill level 12 in Spellcasting
 10470 | D:10     | Entered Level 10 of the Dungeon
 10470 | D:10     | Noticed Psyche
 10472 | D:10     | Killed Psyche
 10800 | D:10     | Noticed a two-headed ogre
 10832 | D:10     | Killed a two-headed ogre
 11058 | D:10     | Got the mace of Classification {venom, rN+ Int+2 Stlth+}
 11059 | D:10     | Identified the +3 mace of Classification {venom, rN+ Int+2
                  | Stlth+} (You found it on level 10 of the Dungeon)
 11423 | D:10     | Found a portal to a secret trove of treasure.
 11661 | D:11     | Found a staircase to the Orcish Mines.
 11715 | D:11     | Reached skill level 1 in Armour
 11972 | D:11     | Got the uncursed pair of boots of Complete Protection
                  | {rElec}
 11978 | D:11     | Identified the +0 pair of boots of Complete Protection
                  | {rElec} (You found it on level 11 of the Dungeon)
 12121 | D:11     | Found a transporter.
 12146 | D:11     | Noticed a glowing orange brain
 12147 | D:11     | Found a transporter.
 12177 | D:11     | Noticed a green ugly thing
 12191 | D:11     | Killed a green ugly thing
 12600 | D:11     | Noticed an eight-headed hydra
 12603 | D:11     | Reached skill level 13 in Spellcasting
 12607 | D:11     | Killed an eight-headed hydra
 12607 | D:11     | Reached XP level 12. HP: 40/53 MP: 8/31
 12892 | D:11     | Learned a level 6 spell: Eringya's Noxious Bog
 13044 | Orc:1    | Entered Level 1 of the Orcish Mines
 13109 | Orc:1    | Killed from afar by an orc priest

Levels and vault maps discovered:
D:1:      mainiacjoe_arrival_reflecting_pool, layout_rooms, serial_bayou_pond_a,
          chequers_serial_rivers_large_b
D:2:      layout_basic, lemuel_crystal_altar,
          chequers_temple_overflow_statue_of_worship,
          chequers_ecumenical_altar_grove, first_ration
D:3:      layout_loops_ring, nrook_uturn, serial_bayou_crossing, uniq_sigmund
D:4:      layout_basic, hangedman_abyss_or_decor_stabs, minmay_rat_hole
D:5:      layout_loops_ring, uniq_duvessa, uniq_pikel
D:6:      layout_basic, nicolae_overflow_crystal_walls, xom_teletrap_fun,
          minmay_temple_entry_tees, moated_statue, uniq_grinder
D:7:      layout_rooms, kiku_gazebo_pond_becter
D:8:      layout_gridville, yredelemnul_forgotten_temple_becter, serial_shops,
          shop, david_nohive_1, uniq_harold, uniq_grum
D:9:      layout_irregular_city, dpeg_lair_monsters
D:10:     layout_loops_ring, enter_trove_2, special_room [special_room_orc],
          chequers_serial_rivers_small_a, fungi_pond_lemuel, minivault_23,
          uniq_psyche
D:11:     gammafunk_jiyva_shrine, layout_irregular_city, zombieorc2_lemuel,
          minmay_pinched_square
Temple:   nicolae_temple_figure_eight
Lair:1:   layout_roguey, chequers_serial_rivers_micro_d, grunt_megastairs_4,
          infiniplex_staircase_pool_2, serial_bayou_shore_b
Orc:1:    layout_caves, serial_shops, shop, uniq_fannar

Skill      XL: |  1  2  3  4  5  6  7  8  9 10 11 12 |
---------------+-------------------------------------+-----
Spellcasting   | 5 6 7 8 9 10 11 13 | 13.2
Dodging        | 3 4 5 6 7 8 |  8.0
Conjurations   | 2 3 4 5 6 8 |  8.3
Stealth        | 3 4 5 6 |  6.8
Fire Magic     | 1 2 3 4 5 6 |  6.3
Air Magic      | 1 2 3 4 5 6 |  6.1
Poison Magic   | 1 2 3 4 5 6 |  6.2
Short Blades   | 1 2 3 |  3.6
Translocations | 2 3 |  3.8
Summonings     | 2 3 4 5 6 |  6.6
Armour         | 1 |  1.9
Long Blades    | |  0.2
Transmutations | |  0.6

Action                   |  1- 3 |  4- 6 |  7- 9 | 10-12 || total
-------------------------+-------+-------+-------+-------++-------
Melee: Spear             |     2 |       |       |       ||     2
       Unarmed           |     2 |       |       |       ||     2
       Short sword       |     1 |       |       |       ||     1
       Rapier            |       |    61 |    48 |       ||   109
       Dagger            |       |       |    86 |   379 ||   465
       Trident           |       |       |    39 |    39 ||    78
       Long sword        |       |       |       |    11 ||    11
Throw: Dart              |       |    20 |    41 |    47 ||   108
       Boomerang         |       |       |     3 |    11 ||    14
       Javelin           |       |       |     3 |    10 ||    13
 Cast: Magic Dart        |    57 |    46 |   230 |   236 ||   569
       Conjure Flame     |     1 |     3 |    14 |    23 ||    41
       Mephitic Cloud    |       |     9 |    20 |    35 ||    64
       Blink             |       |     3 |    15 |    14 ||    32
       Apportation       |       |       |     2 |       ||     2
       Airstrike         |       |       |       |     4 ||     4
       Summon Lightning  |       |       |       |    17 ||    17
       Lightning Bolt    |       |       |       |    25 ||    25
Invok: Curse Item        |       |       |     1 |       ||     1
Evoke: Wand              |       |       |       |     2 ||     2
  Use: Potion            |     4 |       |       |     1 ||     5
       Scroll            |       |       |     5 |     9 ||    14
 Stab: Sleeping          |       |     7 |    17 |     9 ||    33
       Confused          |       |     6 |     8 |    15 ||    29
       Distracted        |       |       |       |     2 ||     2
  Eat: Chunk             |       |     5 |    11 |    15 ||    31
       Ration            |       |       |     2 |     3 ||     5
Armor: Robe              |     4 |    14 |    55 |    47 ||   120
       Troll leather arm |       |       |       |    44 ||    44
Dodge: Dodged            |    24 |    39 |   140 |   297 ||   500
       Rpst.: Long sword |       |       |       |     2 ||     2

Table legend:
 A = Non-vault XP
 B = Vault XP
 C = Vault XP percentage of total XP
 D = Non-vault monster count
 E = Vault monster count
 F = Vault count percentage of total count
                 A         B        C        D         E       F
            +---------+---------+-------+---------+---------+-------
      Total |   14083 |    9588 |  40.5 |     276 |     129 |  31.9
            +---------+---------+-------+---------+---------+-------
        D:1 |      31 |       0 |   0.0 |      20 |       0 |   0.0
        D:2 |      61 |       0 |   0.0 |      21 |       0 |   0.0
        D:3 |     115 |     208 |  64.4 |      22 |       1 |   4.3
        D:4 |     423 |      20 |   4.5 |      20 |      19 |  48.7
        D:5 |     539 |     197 |  26.8 |      13 |       2 |  13.3
        D:6 |     812 |     258 |  24.1 |      25 |       1 |   3.8
        D:7 |     591 |     247 |  29.5 |       9 |       4 |  30.8
        D:8 |    2501 |    2941 |  54.0 |      29 |      18 |  38.3
        D:9 |    2652 |    1776 |  40.1 |      40 |      10 |  20.0
       D:10 |    2718 |     684 |  20.1 |      39 |      25 |  39.1
       D:11 |    3638 |    3257 |  47.2 |      37 |      49 |  57.0
      Orc:1 |       2 |       0 |   0.0 |       1 |       0 |   0.0
            +---------+---------+-------+---------+---------+-------
